AoeStats
← xlalox corona

Migration

509826407Analyzed
1v1 RM · 3d ago on Sep 28, 2026· 31m 27s· 2 players
Game mode
Random Map
Map size
132×132
Population
200
Speed
Normal
Resources
Standard
Victory
Conquest
Starting age
Dark Age
Ending age
Imperial Age
RankedLock teamsTeams togetherTeam positionsShared explorationLock speedFull tech treeHidden civsTurbo modeCheats
Victory
Defeat
🇲🇽 Saxons · Mexico
1695
+17
🇲🇽 Teutons · Mexico
1727
-17
hK | Agt. Smith
10:35 Loom
12:35 Feudal Age
13:42 Double-Bit Axe
16:16 Castle Age
14:11 Gold Mining
14:43 Fishing Lines
15:07 Fletching
16:26 Town Watch
16:56 Bodkin Arrow
18:40 Bow Saw
20:10 Wheelbarrow
24:43 Imperial Age
23:12 Squires
26:15 Scale Mail Armor
29:58 Conscription
31:10 Arson
xlalox corona
7:33 Loom
10:06 Feudal Age
14:52 Castle Age
16:04 Medium Warships
15:49 Double-Bit Axe
23:05 Man-at-Arms
26:41 Town Watch
29:39 Squires
29:42 Long Swordsman
Connection lost

Rejoining the realm…

Still unreachable

The connection could not be restored.

Session expired

The server has moved on; the page needs a fresh start.